 Dungeon Crawl Stone Soup version 0.31-a0-636-ge1c0e020e0 (webtiles) character file.

Game seed: 4698108487527250409

3193 LobsterGuardian the Covert (level 9, 0/57 HPs)
             Began as an Octopode Brigand on Aug 26, 2023.
             Was a Believer of Dithmenos.
             Slain by Erica
             ... wielding a +1 scimitar of flaming
              (10 damage)
             ... on level 8 of the Dungeon.
             The game lasted 00:30:06 (8056 turns).

LobsterGuardian the Covert (Octopode Brigand)       Turns: 8056, Time: 00:30:06

Health: 0/57       AC:  3    Str: 10    XL:     9   Next: 96%
Magic:  11/11      EV: 12    Int: 14    God:    Dithmenos [**....]
Gold:   339        SH:  0    Dex: 17    Spells: 8/8 levels left

rFire   + + .        j - +3 dagger (protect)
rCold   + + .        d - +1 kite shield "Fuagui" {rN+}
rNeg    + . .        f - +2 hood of the Assassin {Detect Stab+ Stlth++}
rPois   +            (no amulet)
rElec   +            l - ring of protection from cold
rCorr   +            v - ring of protection from fire
SInv    .            (no ring)
Will    +....        (no ring)
Stlth   ++++++       (no ring)
HPRegen 0.29/turn    (no ring)
MPRegen 0.12/turn    (no ring)
                     (no ring)

%: no passive effects
@: confused, mighty, resistant, attractive, enlightened, flying, hasted and
slowed, wreathed by umbra
A: almost no armour, amphibious, 8 rings, camouflage 1, gelatinous body 1,
(nimble swimmer 1), tentacles
a: Renounce Religion, Shadow Step


You were on level 8 of the Dungeon.
You worshipped Dithmenos.
Dithmenos was pleased with you.
You visited 1 branch of the dungeon, and saw 8 of its levels.
You also visited: Ossuary and Bailey.

You collected 339 gold pieces.

Inventory:

Hand Weapons
 j - a +3 dagger of protection (weapon)
Missiles
 a - 28 poisoned darts
 c - 2 curare-tipped darts
 h - 4 atropa-tipped darts
 m - 11 boomerangs (quivered)
Armour
 d - the +1 kite shield "Fuagui" (worn) {rN+}
   (You acquired it on level 1 of the Dungeon)

   rN+:       It protects you from negative energy.
 f - the +2 hood of the Assassin (worn) {Detect Stab+ Stlth++}
   (You acquired it on level 7 of the Dungeon)

   Detect:    It allows the wearer to sense nearby creatures.
   Stab+:     It allows the wearer to make particularly effective stabbing
   attacks against helpless or unaware enemies with any weapon.
   Stlth++:   It makes you much more stealthy.
Jewellery
 l - a ring of protection from cold (left tentacle)
 o - a ring of fire
 u - a ring of ice
 v - a ring of protection from fire (right tentacle)
Wands
 q - a wand of iceblast (13)
Scrolls
 k - a scroll of blinking {unknown}
 p - 6 scrolls of teleportation
 r - 3 scrolls of enchant weapon
 s - a scroll of amnesia {unknown}
 w - 2 scrolls of enchant armour {unknown}
 y - a scroll of noise {unknown}
 z - a scroll of torment {unknown}
 A - a scroll of poison {unknown}
 D - a scroll of identify
Potions
 b - a potion of degeneration
 g - a potion of enlightenment


   Skills:
 + Level 3.6 Fighting
 + Level 4.7 Short Blades
 * Level 7.5 Throwing
 + Level 3.5 Dodging
 + Level 10.4 Stealth
 * Level 6.0 Shields
 * Level 3.6 Invocations


You had 8 spell levels left.
You didn't know any spells.
Your spell library contained the following spells:

 Spells                   Type           Power      Damage    Failure   Level
 Foxfire                  Conj/Fire      0%         2x1d4     73%         1
 Sandblast                Erth           0%         2d4       73%         1
 Ensorcelled Hibernation  Hex/Ice        0%         N/A       86%         2
 Passwall                 Tmut/Erth      0%         N/A       86%         2
 Dazzling Flash           Conj/Hex       0%         N/A       97%         3
 Stone Arrow              Conj/Erth      0%         3d7       97%         3
 Swiftness                Air            0%         N/A       97%         3
 Volatile Blastmotes      Fire/Tloc      0%         2d10      97%         3
 Plasma Beam              Fire/Air       0%         2x1d10    100%        6
 Starburst                Conj/Fire      0%         6d3       100%        6
 Maxwell's Capacitive Co  Air            0%         ∞         100%        8


Dungeon Overview and Level Annotations

Branches:
Dungeon (8/15)             Temple (0/1) D:7         Ossuary (visited)
 Bailey (visited)
   Lair: D:8-11

Altars:
Dithmenos
Elyvilon
Fedhas
Okawaru
Qazlal
Vehumet
Yredelemnul
Zin

Shops:
D:7 :

Annotations:
D:4 Natasha
D:8 Erica


Innate Abilities, Weirdness & Mutations

You cannot wear most types of armour.
You are amphibious.
You can wear up to eight rings at the same time.
Your skin changes colour to match your surroundings (Stealth+).
Your rubbery body absorbs attacks. (AC +1, EV +1)
((You are camouflaged when in or above water. (Stealth+)))
You have tentacles for arms and can constrict up to eight enemies at once.


Message History

Deactivating autopickup; reactivate with Ctrl-A.
You closely miss something. Something hits you but does no damage.
You hit something. You block something's attack.
You closely miss something. You block something's attack.
You miss something.
Your transformation is almost over.
You block something's attack.
You completely miss something. Something hits you but does no damage.
You hit something. Something hits you.
You hit something. Something hits you but does no damage.
You hit something. Something hits you.
* * * LOW HITPOINT WARNING * * *
You hit something.
You hear some strange, mumbled words.
You are confused.
It was a potion of might.
You feel very mighty all of a sudden. Something hits you.
* * * LOW HITPOINT WARNING * * *
You attack the rock wall.
You hear some strange, mumbled words.
A bolt of poison appears from out of thin air!
The bolt of poison hits you. You resist.
* * * LOW HITPOINT WARNING * * *
You barely miss something.
You hear some strange, mumbled words.
You are more confused.
You barely miss something.
You feel less wooden.
The +2 hood of the Assassin {Detect Stab+ Stlth++} unmelds from your body.
Something hits you.
* * * LOW HITPOINT WARNING * * *
You're too confused to attack without stumbling around!
You're too confused to attack without stumbling around!
You are too confused!
You feel very buoyant.
You fly up into the air.
Your extra speed is starting to run out.
Something hits you!
You die...

.....)....####.###.#...########
....###########...###.##****
>######...........# ###,.,,**
####....########.## **...,,,**
.......<.#######.#**#..~.~~,,*
.###.###.#######.##.'...≈,~,,*
.###.###..........).)..~.~,,,*
.......#########{####..~~,~,,*
######.#########@# **,,.,,,**
######...........# **,,,,**
################## ******


There were no monsters in sight!

Vanquished Creatures
  A two-headed ogre (D:8)
  7 orc warriors
  An ice beast (D:5)
  A centaur (D:6)
  An ogre (D:3)
  2 phantoms
  3 bullfrogs
  2 scorpions
  2 water moccasin zombies (Ossuary)
  A wight (D:8)
  A howler monkey (D:5)
  4 hounds
  7 orc priests
  2 gnoll boudas
  A jelly (D:8)
  2 iguanas (D:5)
  A sleepcap (D:5)
  Terence (D:3)
  5 orc wizards
  3 mummies
  Robin (D:2)
  9 gnolls
  9 adders
  A white imp (D:7)
  An ufetubus (D:7)
  3 adder zombies (Ossuary)
  3 dart slugs
  38 orcs
  4 bats
  7 endoplasms
  3 giant cockroaches
  15 goblins
  6 hobgoblins
  3 quokkas
  9 ball pythons
  A frilled lizard (D:3)
  3 gnoll zombies (Ossuary)
  5 hobgoblin zombies
  6 kobolds
  6 kobold zombies
  6 orc zombies
  3 rats
190 creatures vanquished.

Notes
Turn   | Place    | Note
-------+----------+-------------------------------------------
     0 | D:1      | LobsterGuardian the Octopode Brigand began the quest for
                  | the Orb.
     0 | D:1      | Reached XP level 1. HP: 14/14 MP: 1/1
   180 | D:1      | Reached XP level 2. HP: 19/19 MP: 2/2
   468 | D:1      | Found a faded altar of an unknown god.
   487 | D:1      | Reached skill level 6 in Stealth
   924 | D:1      | Identified a scroll of acquirement
   924 | D:1      | Acquired the +1 kite shield "Fuagui" {rN+}
  1197 | D:2      | Reached XP level 3. HP: 19/25 MP: 3/3
  1354 | D:2      | Noticed Robin
  1510 | D:2      | Killed Robin
  1511 | D:2      | Reached XP level 4. HP: 30/30 MP: 4/4
  2193 | D:3      | Reached skill level 1 in Shields
  2227 | D:3      | Noticed Terence
  2227 | D:3      | Noticed an ogre
  2236 | D:3      | Killed Terence
  2237 | D:3      | Reached skill level 7 in Stealth
  2237 | D:3      | Reached XP level 5. HP: 35/35 MP: 5/5
  2239 | D:3      | Killed an ogre
  2418 | D:3      | Reached XP level 6. HP: 41/41 MP: 6/6
  2711 | D:3      | Identified the +0 chain mail "Huwnob" {*Slow rPois rCorr
                  | Int-4}
  3005 | D:4      | Noticed Natasha
  3006 | D:4      | Noticed an orc warrior
  3017 | D:5      | Entered Level 5 of the Dungeon
  3022 | D:5      | Found a glowing silver altar of Zin.
  3073 | D:5      | Reached XP level 7. HP: 35/45 MP: 7/7
  3188 | D:5      | Reached skill level 8 in Stealth
  3316 | D:5      | Found a white marble altar of Elyvilon.
  3363 | D:5      | Found a basalt altar of Yredelemnul.
  4047 | D:4      | Reached XP level 8. HP: 41/52 MP: 8/8
  4093 | D:4      | Found a stormy altar of Qazlal.
  4453 | D:4      | Reached skill level 5 in Throwing
  4453 | D:4      | Reached skill level 9 in Stealth
  5054 | D:6      | Found a shadowy altar of Dithmenos.
  5060 | D:6      | Became a worshipper of Dithmenos the Shadowed
  5327 | D:6      | Found a blossoming altar of Fedhas.
  5354 | D:6      | Reached skill level 1 in Invocations
  6107 | D:7      | Found Hevex's Book Shop.
  6118 | D:7      | Found a staircase to the Ecumenical Temple.
  6152 | D:7      | Found a flagged portal.
  6161 | Bailey   | Entered a bailey
  6198 | Bailey   | Reached XP level 9. HP: 38/57 MP: 10/10
  6206 | Bailey   | Reached skill level 5 in Shields
  6313 | Bailey   | Reached * piety under Dithmenos
  6322 | Bailey   | Identified the +5 great mace of the Evening {venom, Str+2}
  6323 | Bailey   | Found the +4 consecrated labrys {holy, Valiant Fragile Fly
                  | SInv}
  6323 | Bailey   | Noticed an orc knight
  6323 | Bailey   | Noticed an orc knight
  7077 | D:7      | Acquired the +2 hood of the Assassin {Detect Stab+ Stlth++}
  7077 | D:7      | Found the +2 hood of the Assassin {Detect Stab+ Stlth++}
  7210 | D:8      | Found a radiant altar of Vehumet.
  7235 | D:8      | Found a sand-covered staircase.
  7243 | Ossuary  | Entered an ossuary
  7285 | Ossuary  | Reached skill level 10 in Stealth
  7694 | D:8      | Found an iron altar of Okawaru.
  7730 | D:8      | Reached ** piety under Dithmenos
  7889 | D:8      | Noticed a two-headed ogre
  7924 | D:8      | Killed a two-headed ogre
  7987 | D:8      | Noticed Erica
  8056 | D:8      | Slain by Erica

Illustrated notes

Levels and vault maps discovered:
D:1:      dpeg_arrival_signposts, layout_loops_ring,
          hellmonk_ecumenical_altar_zigzags, serial_bayou_pond_d
D:2:      layout_basic, serial_bayou_pond_e, uniq_robin
D:3:      layout_loops_cross, uniq_terence
D:4:      layout_loops_ring, nicolae_qazlal_general_emergency, uniq_natasha
D:5:      layout_basic, kennysheep_mini_moat, lemuel_round_altar,
          old_standard_altar
D:6:      layout_layer_cave, nicolae_overflow_hidden_temple, fedhas_altar_1,
          grunt_dithmenos_shadows, minmay_mini_ossuary
D:7:      layout_loops_ring, tgw_kikubaaqudgha, overflow_temple_1_default,
          minmay_temple_entry_junction_2, enter_bailey_2, serial_park_tiny_1,
          nicolae_take_the_stairs, serial_bayou_pond_d
D:8:      layout_loops_ring, mainiacjoe_overflow_tiny_flanked, vehumet_crystals,
          chequers_ossuary_entry_cave, kennysheep_generic_room_3, uniq_erica

Skill      XL: |  1  2  3  4  5  6  7  8  9 |
---------------+----------------------------+-----
Stealth        | 6 7 8 9 10 | 10.4
Shields        | 1 2 3 4 6 |  6.0
Throwing       | 3 4 6 7 |  7.5
Short Blades   | 3 4 |  4.7
Fighting       | 3 |  3.6
Dodging        | 2 3 |  3.5
Invocations    | 1 3 |  3.6

Action                     |  1- 3 |  4- 6 |  7- 9 || total
---------------------------+-------+-------+-------++-------
  Melee: Dagger            |    50 |   128 |   272 ||   450
         Constrict         |     6 |    19 |    52 ||    77
         Tentacles         |     5 |    22 |    74 ||   101
         Punch             |       |     3 |     6 ||     9
  Throw: Dart              |    25 |     9 |       ||    34
         Boomerang         |       |     4 |   125 ||   129
  Evoke: Wand              |       |       |     1 ||     1
    Use: Scroll            |     1 |     5 |    12 ||    18
         Potion            |       |     1 |    17 ||    18
   Stab: Sleeping          |    12 |     9 |    36 ||    57
         Distracted        |       |     1 |       ||     1
 Armour: Skin              |       |    23 |    55 ||    78
  Dodge: Dodged            |    20 |    44 |   115 ||   179
  Block: Kite shield       |    10 |    56 |   131 ||   197

Table legend: (Time is in decaauts)
 A = Elapsed time spent in this place.
 B = Non-inter-level travel time spent in this place.
 C = Inter-level travel time spent in this place.
 D = Time resting spent in this place.
 E = Time spent auto-exploring this place.
 F = Levels seen in this place.
 G = Mean time per level.
                   A        B        C        D        E       F      G
               +--------+--------+--------+--------+--------+-----+--------+
         Total |   8123 |   7791 |    332 |    182 |   6003 |  10 |  812.3 |
       Dungeon |   7185 |   6853 |    332 |     78 |   5493 |   8 |  898.1 |
       Ossuary |    151 |    151 |      0 |      0 |     54 |   1 |  151.0 |
        Bailey |    787 |    787 |      0 |    103 |    456 |   1 |  787.0 |
               +--------+--------+--------+--------+--------+-----+--------+

Top non-repeatable levels by time:
     D:6: 1298 daAuts
     D:2: 1099 daAuts
     D:5: 984 daAuts
     D:1: 959 daAuts
     D:4: 924 daAuts
     D:3: 880 daAuts
     D:8: 789 daAuts
  Bailey: 787 daAuts
     D:7: 247 daAuts
 Ossuary: 151 daAuts
